 Dungeon Crawl Stone Soup version 0.15-a0-1788-ga796aff (webtiles) character file.

17579 JogiH the Thaumaturge (level 12, -6/89 HPs)
             Began as a Formicid Wizard on June 29, 2014.
             Was the Champion of Cheibriados.
             Mangled by an eight-headed hydra (9 damage)
             ... on Level 12 of the Dungeon.
             The game lasted 02:07:37 (18380 turns).

JogiH the Thaumaturge (Formicid Wizard)            Turns: 18380, Time: 02:07:37

HP  -6/89        AC 17     Str 26      XL: 12   Next: 84%
MP  15/31        EV 16     Int 39      God: Cheibriados [******]
Gold 1044        SH  7     Dex 24      Spells:  4 memorised, 21 levels left

rFire  + + .     SeeInvis +     a - +8 lajatang (protect)
rCold  x . .     Clarity  +     U - +3 ring mail "Ewujot" {+Blink +Fly rF+ MR++ Stlth---}
rNeg   . . .     rCorr    .     V - +1 buckler
rPois  +         rRot     .     (helmet unavailable)
rElec  .         Spirit   .     g - +1 cloak
SustAb .         Warding  .     y - +0 pair of gloves
rMut   .         Stasis   +     (no boots)
Gourm  .                        s - amulet of clarity
MR     +++..                    u - ring of fire
                                l - ring of poison resistance

@: studying Fighting, very slow, extremely resistant to hostile enchantments,
extremely unstealthy
A: permanent stasis, dig shafts and tunnels, four strong arms, antennae 3,
mutation resistance 1
a: Dig, Shaft Self, Bend Time, Temporal Distortion, Slouch, Step From Time,
Renounce Religion, Evoke Flight


You were on level 12 of the Dungeon.
You worshipped Cheibriados.
Cheibriados was exalted by your worship.
You were not hungry.

You visited 4 branches of the dungeon, and saw 16 of its levels.
You also visited: Ossuary and Bailey.

You collected 1044 gold pieces.

Inventory:

Hand weapons
 a - a +8 lajatang of protection (weapon)
 i - a cursed +3 halberd
 n - a +0 dagger of distortion
 r - a +2 hand axe of flaming
 A - a +3 flail of protection
 B - a +2 flail of crushing
Armour
 g - a +1 cloak (worn)
 y - a +0 pair of gloves (worn)
 M - a +0 pair of gloves
 U - the +3 ring mail "Ewujot" (worn) {+Blink +Fly rF+ MR++ Stlth---}
   (You found it on level 6 of the Dungeon)

   It protects you from fire.
   It affects your resistance to hostile enchantments.
   It lets you fly.
   It lets you blink.
   It makes you much less stealthy.
 V - a +1 buckler (worn)
Magical devices
 b - a wand of disintegration (7)
 E - a wand of polymorph (8)
 Y - a wand of heal wounds (0)
Comestibles
 d - 9 bread rations
 m - 13 royal jellies
 C - 2 chunks of hobgoblin flesh
 J - 4 rotting chunks of centaur flesh
 T - 7 fruits
Scrolls
 f - 6 scrolls of identify
 k - a scroll of blinking {unknown}
 o - a scroll of summoning {unknown}
 q - 4 scrolls of remove curse
 w - a scroll of recharging
 K - a scroll of magic mapping
 X - 2 scrolls of silence
Jewellery
 e - an uncursed ring of sustain abilities
 l - a ring of poison resistance (left hand)
 s - an amulet of clarity (around neck)
 u - a ring of fire (right hand)
Potions
 h - 4 potions of curing
 j - 2 potions of restore abilities
 t - a potion of lignification
 v - a potion of might
 x - 2 potions of brilliance
 z - a potion of invisibility {unknown}
 D - a potion of heal wounds
 F - a potion of resistance
 I - a potion of magic
Books
 c - a book of Minor Magic

   Spells                             Type                      Level
   *Magic Dart                        Conjuration                  1
   Blink                              Translocation                2
   *Call Imp                          Summoning                    2
   Repel Missiles                     Charms/Air                   2
   Slow                               Hexes                        2
   *Conjure Flame                     Conjuration/Fire             3
   *Mephitic Cloud                    Conjuration/Poison/Air       3
 Q - a manual of Fighting
Magical staves
 H - a cursed staff of poison


   Skills:
 * Level 6.3 Fighting
 - Level 1.1(2.9) Maces & Flails
 * Level 6.3(6.4) Staves
 * Level 5.0 Armour
 * Level 6.1 Dodging
 - Level 5.0 Stealth
 * Level 3.2 Shields
 * Level 9.5 Spellcasting
 * Level 8.6 Conjurations
 - Level 2.0 Summonings
   Level 0.8 Translocations
 * Level 6.1 Fire Magic
 - Level 1.0 Air Magic
 - Level 5.0 Poison Magic
 * Level 4.2 Invocations
 * Level 4.5 Evocations


You had 21 spell levels left.
You knew the following spells:

 Your Spells              Type           Power        Failure   Level  Hunger
a - Magic Dart            Conj           ####         1%          1    None
b - Call Imp              Summ           ####....     1%          2    None
c - Conjure Flame         Conj/Fire      #######.     1%          3    None
d - Mephitic Cloud        Conj/Pois/Air  ######..     1%          3    None


Dungeon Overview and Level Annotations

Branches:
Dungeon (12/15)            Temple (1/1) D:6             Orc (2/4) D:9
   Lair (1/8) D:11

Altars:
Ashenzari
Cheibriados
Dithmenos
Elyvilon
Fedhas
Gozag
Kikubaaqudgha
Makhleb
Nemelex Xobeh
Okawaru
Qazlal
Sif Muna
Trog
Vehumet
Xom
Yredelemnul
The Shining One
Beogh

Portals:
Trove: D:11 (show horn of Geryon)

Annotations:
D:10 Urug
D:11 deathcap's ghost, experienced MiGl
D:12 Joseph
Orc:1 deathcap's ghost, experienced MiMo


Innate Abilities, Weirdness & Mutations

Your are under a permanent stasis effect.
You can dig through walls and to a lower floor.
Your four strong arms can wield two-handed weapons with a shield.
You have a pair of large antennae on your head (SInv).
You are somewhat resistant to further mutation.


Message History

You block the eight-headed hydra's attack.
The eight-headed hydra bites you but does no damage.
You block the eight-headed hydra's attack.
The eight-headed hydra misses you.
The eight-headed hydra bites you but does no damage.
The eight-headed hydra completely misses you.
You see here 2 arrows.
Use which ability? (? or * to list) Are you sure you want to shaft yourself?
You feel somewhat more hungry.
The eight-headed hydra bites you but does no damage.
The eight-headed hydra bites you.
* * * LOW HITPOINT WARNING * * *
You block the eight-headed hydra's attack. x2
The eight-headed hydra barely misses you.
The eight-headed hydra closely misses you.
The eight-headed hydra bites you.
* * * LOW HITPOINT WARNING * * *
The eight-headed hydra bites you!
You die...

... . .## #....#
####..#.######
##.!...#./....##
##(<...c........#W
#.@D...%(........#.
#...W.....@....§...
#...........D...§#.
#.............@§..
#.................
#........§§§......
##........§.C./.#
##.....##§§...# #
## ...###


You could see an eight-headed hydra, Joseph (wandering), a hungry ghost and a
centaur.

Vanquished Creatures
  Harold (Orc:2)
  A deep elf knight (Bailey)
  Erolcha (D:8)
  A hill giant (D:10)
  A manticore (D:11)
  An elephant (D:11)
  Psyche (D:10)
  A small abomination (Bailey)
  A queen bee (D:11)
  3 deep elf priests (Bailey)
  A two-headed ogre (D:9)
  3 trolls
  5 yaks
  4 deep elf magi (Bailey)
  Eustachio (D:7)
  A wraith (D:11)
  A wyvern (D:10)
  3 hippogriffs
  5 deep elf fighters
  Grum (Orc:2)
  A warg (Orc:2)
  2 hungry ghosts
  4 sky beasts
  4 wolves (Orc:2)
  A soldier ant (D:11)
  2 yellow wasps
  14 orc warriors
  A black bear (D:11)
  6 centaurs
  4 ogres
  3 ice beasts
  3 phantoms
  A crocodile (D:11)
  12 scorpions
  4 giant frogs
  2 yak zombies
  14 wights
  29 killer bees
  2 electric eels (D:7)
  4 crimson imps
  20 orc priests
  3 centaur zombies
  2 jellies (D:8)
  4 goliath beetles
  A human zombie (Ossuary)
  3 iguanas
  A black bear zombie (D:8)
  A centaur skeleton (D:9)
  25 orc wizards
  4 hounds
  5 worker ants
  A sheep (D:11)
  2 big kobold zombies (Ossuary)
  3 mummies
  A worker ant zombie (D:3)
  19 gnolls
  6 scorpion zombies
  13 adders
  3 shadow imps
  4 worms
  3 giant mites
  10 giant geckos
  An ooze (D:7)
  118 orcs
  3 ball pythons
  3 gnoll zombies (Ossuary)
  26 goblins
  18 hobgoblins
  6 quokkas
  A ball python zombie (D:6)
  9 bats
  5 giant cockroaches
  6 giant newts
  A giant newt skeleton (D:5)
  A hobgoblin zombie (D:5)
  18 jackals
  18 kobolds
  2 kobold zombies (Ossuary)
  2 orc skeletons
  3 orc zombies
  15 rats
540 creatures vanquished.

Vanquished Creatures (collateral kills)
  6 killer bees
  An iguana (D:3)
  An adder (D:2)
  2 giant geckos
  2 orcs (D:3)
  3 bats (D:3)
  A hobgoblin (D:1)
  5 jackals (D:1)
  2 quokkas
  2 kobolds (D:1)
25 creatures vanquished.

Vanquished Creatures (others)
  A mummy (Ossuary)
  A shadow imp (D:3)
  A white imp (D:3)
  A hobgoblin zombie (Ossuary)
4 creatures vanquished.

Grand Total: 569 creatures vanquished

Notes
Turn   | Place    | Note
--------------------------------------------------------------
     0 | D:1      | JogiH, the Formicid Wizard, began the quest for the Orb.
     0 | D:1      | Reached XP level 1. HP: 13/13 MP: 4/4
   108 | D:1      | Found a shattered altar of Ashenzari.
   121 | D:1      | Reached skill level 1 in Conjurations
   198 | D:1      | Reached XP level 2. HP: 19/19 MP: 1/7
   202 | D:1      | Learned a level 2 spell: Call Imp
   634 | D:1      | Reached XP level 3. HP: 24/24 MP: 5/9
  1652 | D:2      | Reached XP level 4. HP: 27/30 MP: 2/11
  1687 | D:2      | Learned a level 3 spell: Conjure Flame
  1691 | D:2      | Learned a level 3 spell: Mephitic Cloud
  2390 | D:2      | Found an ancient bone altar of Kikubaaqudgha.
  3140 | D:2      | Reached XP level 5. HP: 31/35 MP: 2/14
  3346 | D:2      | Reached skill level 1 in Poison Magic
  3554 | D:3      | Reached skill level 4 in Spellcasting
  3962 | D:4      | Found a glowing golden altar of the Shining One.
  3991 | D:3      | Found a blossoming altar of Fedhas.
  4043 | D:4      | Reached skill level 1 in Fire Magic
  4043 | D:4      | Reached XP level 6. HP: 37/41 MP: 5/17
  4134 | D:3      | Found a basalt altar of Yredelemnul.
  4560 | D:3      | Reached skill level 1 in Air Magic
  5072 | D:3      | Reached XP level 7. HP: 46/46 MP: 13/18
  5198 | D:5      | Entered Level 5 of the Dungeon
  5454 | D:4      | Got a silk robe
  5460 | D:4      | Identified the +1 robe "Shriugh" {Dex-2 Slay+6} (You took it off an orc on level 4 of the Dungeon)
  5599 | D:4      | Reached skill level 1 in Maces & Flails
  5769 | D:4      | Reached XP level 8. HP: 52/52 MP: 8/21
  6358 | D:5      | Reached skill level 5 in Spellcasting
  7139 | D:6      | Reached skill level 1 in Fighting
  7139 | D:6      | Reached skill level 5 in Stealth
  7162 | D:6      | Reached skill level 5 in Conjurations
  7539 | D:7      | Found a sand-covered staircase.
  7547 | Ossuary  | Entered an ossuary
  7695 | Ossuary  | Reached XP level 9. HP: 52/59 MP: 19/23
  8454 | Ossuary  | Reached skill level 6 in Conjurations
  8655 | Ossuary  | Reached skill level 5 in Poison Magic
  8930 | D:6      | Found a staircase to the Ecumenical Temple.
  8956 | Temple   | Entered the Ecumenical Temple
  9003 | Temple   | Became a worshipper of Cheibriados the Contemplative
  9301 | D:6      | Reached skill level 1 in Staves
 10225 | D:6      | Reached XP level 10. HP: 63/68 MP: 6/25
 10230 | D:6      | Reached skill level 7 in Conjurations
 10438 | D:6      | Found a roughly hewn altar of Beogh.
 10457 | D:6      | Got a dazzling ring mail
 10460 | D:6      | Identified the +3 ring mail "Ewujot" {+Blink +Fly rF+ MR++ Stlth---} (You found it on level 6 of the Dungeon)
 10620 | Temple   | Identified a scroll of acquirement
 10655 | Temple   | Gained mutation: You are somewhat resistant to further mutation. [potion of beneficial mutation]
 11056 | D:7      | Noticed Eustachio
 11073 | D:7      | Killed Eustachio
 11245 | D:7      | Reached skill level 1 in Armour
 11254 | D:7      | Reached skill level 1 in Evocations
 11600 | D:8      | Acquired Cheibriados' first power
 11890 | D:8      | Noticed Erolcha
 11920 | D:8      | Killed Erolcha
 12510 | D:8      | Acquired Cheibriados' second power
 12798 | D:8      | Reached skill level 8 in Spellcasting
 13231 | D:9      | Reached XP level 11. HP: 77/77 MP: 25/29
 13572 | D:10     | Entered Level 10 of the Dungeon
 13640 | D:10     | Noticed Urug
 13643 | D:10     | Reached skill level 5 in Fire Magic
 13664 | D:10     | Noticed a hill giant
 13792 | D:9      | Reached skill level 1 in Invocations
 13838 | D:9      | Reached skill level 5 in Dodging
 13844 | D:9      | Acquired Cheibriados' third power
 14401 | D:9      | Found a staircase to the Orcish Mines.
 14413 | Orc:1    | Entered Level 1 of the Orcish Mines
 14631 | Orc:1    | Noticed deathcap's ghost (experienced MiMo)
 14740 | Orc:2    | Noticed Harold
 14773 | Orc:2    | Killed Harold
 14891 | Orc:2    | Found a flagged portal.
 14912 | Bailey   | Entered a bailey
 15342 | Bailey   | Noticed a deep elf knight
 15357 | Bailey   | Killed a deep elf knight
 15357 | Bailey   | Reached skill level 5 in Fighting
 15508 | Orc:2    | Noticed Grum
 15517 | Orc:2    | Reached skill level 5 in Staves
 15532 | Orc:2    | Reached skill level 1 in Shields
 15532 | Orc:2    | Reached skill level 9 in Spellcasting
 15532 | Orc:2    | Reached XP level 12. HP: 86/86 MP: 5/30
 15562 | Orc:2    | Killed Grum
 17010 | D:10     | Noticed Psyche
 17017 | D:10     | Killed Psyche
 17333 | D:10     | Killed a hill giant
 17522 | D:12     | Noticed Joseph
 17524 | D:12     | Noticed an eight-headed hydra
 17661 | D:11     | Noticed deathcap's ghost (experienced MiGl)
 17894 | D:11     | Found a portal to a secret trove of treasure.
 18036 | D:11     | Found a staircase to the Lair.
 18091 | Lair:1   | Entered Level 1 of the Lair of Beasts
 18125 | D:11     | Reached skill level 5 in Armour
 18380 | D:12     | HP: 3/89 [eight-headed hydra (5)]
 18380 | D:12     | Mangled by an eight-headed hydra

Action                   |  1- 3 |  4- 6 |  7- 9 | 10-12 || total
-------------------------+-------+-------+-------+-------++-------
Melee: Unarmed           |    83 |   135 |       |       ||   218
       Flail             |       |     2 |   138 |    10 ||   150
       Lajatang          |       |       |       |   458 ||   458
 Cast: Magic Dart        |    93 |   191 |   312 |   420 ||  1016
       Call Imp          |     5 |    10 |     2 |       ||    17
       Conjure Flame     |       |     3 |    48 |    52 ||   103
       Mephitic Cloud    |       |    10 |    21 |    64 ||    95
 Abil: Dig               |     1 |       |    11 |     3 ||    15
       Shaft Self        |       |       |       |     1 ||     1
Evoke: Wand              |       |       |       |     3 ||     3
  Use: Potion            |       |       |     2 |     7 ||     9
       Scroll            |       |       |     1 |    31 ||    32
 Stab: Sleeping          |       |     1 |       |       ||     1
       Confused          |       |       |     2 |    16 ||    18
